 Dungeon Sprint DCSS version 0.26-a0-652-gafc20e3620 (webtiles) character file.

Game seed: 12247990506552711448

3 mhtbhm the Skirmisher (level 1, -2/20 HPs)
             Began as a Minotaur Berserker on Oct 3, 2020.
             Was a Follower of Trog.
             Slain by a big kobold
             ... wielding a +1 whip of venom
              (6 damage)
             ... in the Dungeon (Sprint VII: "The Pits").
             The game lasted 00:00:14 (74 turns).

mhtbhm the Skirmisher (Minotaur Berserker)            Turns: 74, Time: 00:00:15

Health: -2/20      AC:  2    Str: 21    XL:     1   Next: 41%
Magic:  0/0        EV: 12    Int:  4    God:    Trog [*.....]
Gold:   0          SH:  0    Dex:  9    Spells: 0/0 levels left

rFire    . . .     SeeInvis .   a - +2 hand axe
rCold    . . .     Faith    .   (no shield)
rNeg     . . .     Spirit   .   b - +0 animal skin
rPois    .         Reflect  .   (helmet restricted)
rElec    .         Harm     .   (no cloak)
rCorr    .         Rampage  .   (no gloves)
MR       .....     NoTele   +   (no boots)
Stlth    +.........             (no amulet)
HPRegen  0.06/turn              (no ring)
MPRegen  0.07/turn              (no ring)

@: lethally poisoned (-2 -> -17)
A: retaliatory headbutt, horns 2
a: Berserk, Renounce Religion


You were in the Dungeon.
You worshipped Trog.
Trog was aware of your devotion.
You visited 1 branch

Inventory:

Hand Weapons
 a - a +2 hand axe (weapon)
Armour
 b - a +0 animal skin (worn)
Scrolls
 h - a scroll of blinking
 j - 3 scrolls of remove curse
 k - a scroll of summoning
Potions
 c - a potion of curing
 d - a potion of heal wounds
 e - a potion of haste
 f - 4 potions of magic
 g - 3 potions of berserk rage
 i - 2 potions of invisibility


   Skills:
 + Level 4.3 Fighting
 + Level 4.3 Axes
 + Level 2.6 Armour
 + Level 2.4 Dodging


You couldn't memorise any spells.
You didn't know any spells.
Your spell library was empty.

Dungeon Overview and Level Annotations

Branches:
Dungeon (1/1)

Altars:
Gozag
Hepliaklqana
Sif Muna
Trog
Jiyva


Innate Abilities, Weirdness & Mutations

You reflexively headbutt those who attack you in melee.
You have a pair of horns on your head.


Message History

You hit the big kobold. Your headbutt misses the big kobold.
The big kobold is lightly wounded.
The big kobold completely misses you.
The big kobold hits you with a +1 whip of venom!
You are poisoned.
You hit the big kobold but do no damage.
The big kobold is lightly wounded.
You feel sick.
The big kobold hits you with a +1 whip of venom.
You are more poisoned.
You closely miss the big kobold.
The big kobold is lightly wounded.
* * * LOW HITPOINT WARNING * * *
You feel sick. The big kobold completely misses you.
You barely miss the big kobold. Your headbutt misses the big kobold.
The big kobold is lightly wounded.
* * * LOW HITPOINT WARNING * * *
You feel sick.
The big kobold hits you with a +1 whip of venom.
You die...

###### ___.# __.#
..###########++###
##########'##..............
#.?(.')))'@##......#..#....
##########K##..............
..........'..............
#####+#####......#..#....
#..............
####'#####++###
#.......##++#
#.......##..##
#.......##...#


You could see a big kobold.

Vanquished Creatures
  An adder skeleton (D)
1 creature vanquished.

Notes
Turn   | Place    | Note
-------+----------+-------------------------------------------
     0 | D        | mhtbhm the Minotaur Berserker began the quest for the Orb.
     0 | D        | Reached XP level 1. HP: 19/19 MP: 0/0
    14 | D        | Noticed a swamp drake
    14 | D        | Noticed a yak
    14 | D        | Noticed a big kobold
    43 | D        | Found a bloodstained altar of Trog.
    43 | D        | Found a shimmering blue altar of Sif Muna.
    43 | D        | Found a viscous altar of Jiyva.
    43 | D        | Found a hazy altar of Hepliaklqana.
    43 | D        | Found an opulent altar of Gozag.
    74 | D        | Slain by a big kobold

Illustrated notes

Levels and vault maps discovered:
D:        pitsprint [storerooms_1, entrance_room_1, metal_vault_5, armoury_3,
          mini_pit_1, grid_room_1, main_hall_1, silver_pit, the_coven_3,
          the_vestibule_1, steel_vault_3, golden_pit, hallway_of_sentries,
          crystal_vault_4, iron_vault_2, final_vault]

Skill      XL: |  1 |
---------------+----+-----
Fighting       | 4 |  4.3
Axes           | 4 |  4.3
Armour         | |  2.6
Dodging        | |  2.4

Action                   || total
-------------------------++-------
Melee: Hand axe          ||     9
       Headbutt          ||     1
Dodge: Dodged            ||     6

Table legend: (Time is in decaauts)
 A = Elapsed time spent in this place.
 B = Non-inter-level travel time spent in this place.
 C = Inter-level travel time spent in this place.
 D = Time resting spent in this place.
 E = Time spent auto-exploring this place.
 F = Levels seen in this place.
 G = Mean time per level.
                   A        B        C        D        E       F      G
               +--------+--------+--------+--------+--------+-----+--------+
         Total |     74 |     74 |      0 |      0 |     14 |   1 |   74.0 |
       Dungeon |     74 |     74 |      0 |      0 |     14 |   1 |   74.0 |
               +--------+--------+--------+--------+--------+-----+--------+

Top non-repeatable levels by time:
       D: 74 daAuts
